 Dungeon Crawl Stone Soup version 0.31-a0-182-gc5ef74bbde (webtiles) character file.

Game seed: 1530184941066920523

1859 Zenkrye the Insei (level 8, -12/79 HPs)
             Began as a Demigod Transmuter on June 21, 2023.
             Mangled by an orc knight
             ... wielding a +3 war axe
              (22 damage)
             ... in a bailey.
             The game lasted 00:24:03 (7329 turns).

Zenkrye the Insei (Demigod Transmuter)              Turns: 7329, Time: 00:24:04

Health: -12/79     AC:  8    Str: 11    XL:     8   Next: 58%
Magic:  10/15      EV: 11    Int: 23    God:
Gold:   257        SH:  5    Dex: 14    Spells: 3/13 levels left

rFire   x . .        o - melded +1 sling
rCold   + + +        (shield currently unavailable)
rNeg    . . .        a - melded +0 robe
rPois   +            c - melded +0 helmet
rElec   .            e - melded scarf "Jipna" {shadows, Int+6 Dex+3}
rCorr   .            u - melded +0 pair of gloves
SInv    .            m - melded +0 pair of boots
Will    .....        w - amulet of reflection
Stlth   +            (no ring)
HPRegen 0.33/turn    (no ring)
MPRegen 0.14/turn

%: reflection
@: ice-form, wereblooded, studying Throwing
A: freezing attack, amphibious, boosted hp, large, high MP 1, forlorn, divine
attributes
a: End Transformation


You were in a bailey.
You were a creature of crystalline ice.
You visited 1 branch of the dungeon, and saw 7 of its levels.
You also visited: Bailey.

You collected 257 gold pieces.

Inventory:

Hand Weapons
 o - a +1 sling (melded)
Missiles
 k - 13 poisoned darts (quivered)
 y - a throwing net {!f}
 z - 3 boomerangs of dispersal
Armour
 a - a +0 robe (melded)
 c - a +0 helmet (melded)
 d - +1 ice dragon scales
 e - the scarf "Jipna" (melded) {shadows, Int+6 Dex+3}
   (You acquired it on level 5 of the Dungeon)

   Int:       It affects your intelligence (+6).
   Dex:       It affects your dexterity (+3).
 g - the +0 plate armour "Citat" {rF+ rCorr Stlth-}
   (You found it on level 7 of the Dungeon)

   rF:        It protects you from fire.
   rCorr:     It protects you from acid and corrosion.
   Stlth:     It makes you less stealthy.
 h - a +0 leather armour of cold resistance
 m - a +0 pair of boots (melded)
 s - a +0 cloak
 u - a +0 pair of gloves (melded)
Magical Staves
 l - a staff of death
Jewellery
 w - an amulet of reflection (around neck)
Wands
 q - a wand of roots (8)
 r - a wand of acid (11) {@v2}
Scrolls
 j - 3 scrolls of teleportation {@r3}
 p - a scroll of immolation
Potions
 b - 2 potions of lignification
 f - a potion of curing {@q1}
 t - a potion of berserk rage {unknown}
 v - a potion of attraction {unknown}
 x - a potion of magic {unknown}


   Skills:
 + Level 3.8 Fighting
 + Level 4.2 Dodging
 * Level 6.5 Unarmed Combat
 - Level 3.0 Spellcasting
 + Level 5.0 Transmutations
 + Level 2.7 Ice Magic
 - Level 2.0 Poison Magic


You had 3 spell levels left.
You knew the following spells:

 Your Spells              Type           Power      Damage    Failure   Level
a - Beastly Appendage     Tmut           52%        N/A       1%          1
b - Spider Form           Tmut/Pois      19%        N/A       9%          3
c - Wereblood             Tmut           26%        N/A       2%          2
d - Ice Form              Ice/Tmut       21%        N/A       24%         4

Your spell library contained the following spells:

 Spells                   Type           Power      Damage    Failure   Level
 Frozen Ramparts          Ice            32%        1d5       11%         3
 Magic Dart               Conj           12%        1d3       12%         1
 Call Imp                 Summ           6%         N/A       17%         2
 Hailstorm                Conj/Ice       9%         3d4       21%         3
 Mephitic Cloud           Conj/Pois/Air  6%         N/A       26%         3
 Summon Ice Beast         Ice/Summ       9%         N/A       54%         4
 Simulacrum               Ice/Necr       4%         N/A       100%        6


Dungeon Overview and Level Annotations

Branches:
Dungeon (7/15)             Temple (0/1) D:4          Bailey (1/1)

Shops:
D:4 *

Annotations:
D:6 2 transporters, innerfire43's ghost, novice DsMo


Innate Abilities, Weirdness & Mutations

You are a creature of crystalline ice.
You have a powerful freezing melee attack.
You are amphibious.
Your maximum health is increased.
Your armour is entirely melded.
You are incapable of wielding weapons or throwing items.
You have an increased reservoir of magic. (+10% MP)
You shall have no god before yourself.
Your divine heritage dramatically boosts your attributes as you level up.


Message History

The orc knight barely misses you.
You completely miss the orc knight.
The orc knight is lightly wounded.
You hit the orc warrior. You freeze the orc warrior.
The orc warrior is moderately wounded.
The orc knight hits you with a +3 war axe!
The orc warrior hits you with a +0 war axe.
You punch the orc knight! You freeze the orc knight.
The orc knight is moderately wounded.
The orc knight hits you but does no damage.
The orc warrior misses you.
A goblin comes into view. It is wielding a +0 hand axe.
You barely miss the orc knight.
The orc knight is moderately wounded.
The orc knight barely misses you.
The orc warrior hits you but does no damage.
You hit the orc knight. You freeze the orc knight.
The orc knight is heavily wounded.
The orc knight hits you with a +3 war axe!!
A hobgoblin comes into view. It is wielding a +0 war axe.
The orc warrior hits you with a +0 war axe!!
* * * LOW HITPOINT WARNING * * *
You barely miss the orc knight.
The orc knight is heavily wounded.
The hobgoblin shouts!
You hear a shout!
The orc knight misses you. The orc warrior closely misses you.
Unknown command.
Okay, then.
Unknown command.
You hit the orc knight. You freeze the orc knight.
The orc knight is heavily wounded.
You hit the orc knight. You freeze the orc knight.
The orc knight is severely wounded.
The orc knight hits you with a +3 war axe.
* * * LOW HITPOINT WARNING * * *
The orc warrior barely misses you.
You hit the orc knight but do no damage.
The orc knight is severely wounded.
The orc knight hits you with a +3 war axe!!
You die...

.### ###.### ...###
###.....###
.....###.........##
......#...........#
......)...........#
⌠....)#.....⌠.....#
......#...........#
......#...........#
.....###.......oY##
...### ###.....#o#
.### ###.###og ##
### .... # g.... #
....... # ....⌠...
# 8......... #


You could see an orc knight, 2 orc warriors, a hobgoblin and a goblin.

Vanquished Creatures
  2 orc warriors (Bailey)
  A black bear (D:6)
  2 ice beasts (D:5)
  An ogre (D:4)
  2 scorpions
  A bullfrog (D:7)
  2 wights (D:7)
  6 killer bees (D:6)
  4 hounds
  2 jellies
  A gnoll bouda (D:6)
  2 orc priests
  2 sleepcaps (D:5)
  2 iguanas
  Crazy Yiuf (D:4)
  An orc wizard (D:4)
  Robin (D:2)
  4 adders
  15 gnolls
  A white imp (D:6)
  An ufetubus (D:5)
  A worm (D:2)
  3 dart slugs
  23 orcs
  4 bats
  6 endoplasms
  3 giant cockroaches
  23 goblins
  13 hobgoblins
  A quokka (D:4)
  6 ball pythons
  4 frilled lizards
  11 kobolds
  4 rats
156 creatures vanquished.

Notes
Turn   | Place    | Note
-------+----------+-------------------------------------------
     0 | D:1      | Zenkrye the Demigod Transmuter began the quest for the Orb.
     0 | D:1      | Reached XP level 1. HP: 15/15 MP: 5/5
   285 | D:1      | Reached skill level 3 in Unarmed Combat
   312 | D:1      | Reached XP level 2. HP: 22/22 MP: 5/7
   910 | D:2      | Reached XP level 3. HP: 24/27 MP: 6/8
   914 | D:2      | Learned a level 3 spell: Spider Form
  1198 | D:2      | Reached skill level 1 in Poison Magic
  1396 | D:2      | Reached XP level 4. HP: 26/34 MP: 7/9
  1971 | D:3      | Noticed Robin
  1990 | D:2      | Killed Robin
  2092 | D:3      | Learned a level 2 spell: Wereblood
  2865 | D:4      | Reached XP level 5. HP: 16/39 MP: 10/10
  3124 | D:4      | Reached skill level 1 in Fighting
  3124 | D:4      | Reached skill level 4 in Unarmed Combat
  3331 | D:4      | Noticed a fire elemental
  3361 | D:4      | Found a staircase to the Ecumenical Temple.
  3501 | D:4      | Noticed an air elemental
  3502 | D:4      | Noticed a water elemental
  3585 | D:4      | Found a runed translucent door.
  3586 | D:4      | Noticed Crazy Yiuf
  3627 | D:4      | Noticed an ogre
  3632 | D:4      | Killed an ogre
  3633 | D:4      | Reached XP level 6. HP: 13/48 MP: 7/12
  3864 | D:4      | Found Quullixi's Assorted Antiques.
  4089 | D:4      | Killed Crazy Yiuf
  4138 | D:5      | Entered Level 5 of the Dungeon
  4432 | D:5      | Reached XP level 7. HP: 48/56 MP: 7/14
  4446 | D:5      | Learned a level 4 spell: Ice Form
  5011 | D:5      | Reached skill level 5 in Unarmed Combat
  5062 | D:5      | Reached skill level 1 in Ice Magic
  5520 | D:5      | Identified a scroll of acquirement
  5520 | D:5      | Acquired the scarf "Jipna" {shadows, Int+6 Dex+3}
  5730 | D:6      | Found a transporter.
  5733 | D:6      | Found a transporter.
  5734 | D:6      | Noticed innerfire43's ghost (novice DsMo)
  5736 | D:6      | Noticed a hornet
  5807 | D:6      | Noticed a queen bee
  6291 | D:6      | Reached XP level 8. HP: 25/63 MP: 15/15
  6679 | D:6      | Reached skill level 6 in Unarmed Combat
  6841 | D:7      | Identified the +0 plate armour "Citat" {rF+ rCorr Stlth-}
  7091 | D:7      | Found a flagged portal.
  7105 | Bailey   | Entered a bailey
  7271 | Bailey   | Reached skill level 5 in Transmutations
  7315 | Bailey   | Noticed an orc knight
  7329 | Bailey   | Mangled by an orc knight

Illustrated notes

Levels and vault maps discovered:
D:1:      minmay_arrival_widening_spiral_narrow, layout_rooms,
          serial_bayou_pond_d
D:2:      layout_basic, nicolae_ecumenical_lake_church, basic_altar,
          chequers_serial_rivers_micro_d, minmay_misc_feat_iff
D:3:      layout_loops_ring, okawaru_gym_becter, old_standard_altar, uniq_robin
D:4:      layout_loops_ring, nicolae_qazlal_style_of_elements,
          minmay_temple_entry_poolview, serial_shops, nicolae_stop_n_shop_2,
          minmay_manual_monstrance, uniq_crazy_yiuf_cottage
D:5:      layout_basic, general_overflow_altar, dreamdust_gnoll_farm
D:6:      layout_gridville, mainiacjoe_overflow_small_starburst,
          gammafunk_ghost_hive, minmay_hedge_maze
D:7:      layout_cave_pools, grunt_dithmenos_smoke, enter_bailey_2
Bailey:   bailey_axe_minmay_hex_keep, bailey

Skill      XL: |  1  2  3  4  5  6  7  8 |
---------------+-------------------------+-----
Unarmed Combat | 3 4 5 6 |  6.5
Transmutations | 2 3 4 5 |  5.0
Poison Magic   | 1 2 |  2.0
Spellcasting   | 2 3 |  3.0
Fighting       | 1 2 3 |  3.8
Dodging        | 2 3 4 |  4.2
Ice Magic      | 1 2 |  2.7

Action                     |  1- 3 |  4- 6 |  7- 9 || total
---------------------------+-------+-------+-------++-------
  Melee: Unarmed           |   102 |   150 |   175 ||   427
         Kick              |    14 |       |       ||    14
         Headbutt          |     4 |       |       ||     4
         Punch             |     1 |       |       ||     1
   Fire: Sling             |       |    54 |    61 ||   115
  Throw: Dart              |       |    14 |       ||    14
   Cast: Beastly Appendage |    17 |     1 |       ||    18
         Spider Form       |     1 |    15 |    11 ||    27
         Wereblood         |       |     6 |     8 ||    14
         Ice Form          |       |       |    12 ||    12
  Evoke: Wand              |       |       |     1 ||     1
    Use: Scroll            |     2 |     5 |     8 ||    15
         Potion            |       |     1 |     1 ||     2
 Armour: Robe              |    13 |    37 |     4 ||    54
         Skin              |       |     5 |    39 ||    44
  Dodge: Dodged            |    54 |   178 |   157 ||   389
  Block: Other             |       |       |    27 ||    27

Table legend: (Time is in decaauts)
 A = Elapsed time spent in this place.
 B = Non-inter-level travel time spent in this place.
 C = Inter-level travel time spent in this place.
 D = Time resting spent in this place.
 E = Time spent auto-exploring this place.
 F = Levels seen in this place.
 G = Mean time per level.
                   A        B        C        D        E       F      G
               +--------+--------+--------+--------+--------+-----+--------+
         Total |   7342 |   7203 |    139 |    897 |   5051 |   8 |  917.8 |
       Dungeon |   7122 |   6983 |    139 |    897 |   4932 |   7 | 1017.4 |
        Bailey |    219 |    219 |      0 |      0 |    119 |   1 |  219.0 |
               +--------+--------+--------+--------+--------+-----+--------+

Top non-repeatable levels by time:
     D:5: 1481 daAuts
     D:2: 1359 daAuts
     D:4: 1295 daAuts
     D:6: 1218 daAuts
     D:3: 793 daAuts
     D:1: 687 daAuts
     D:7: 287 daAuts
  Bailey: 219 daAuts
